TOP OF THE 1ST |
North Carolina State Wolfpack batting - Pitching for Purdue Boilermakers : LHP Dave Stokes
|
Pitching: LHP Dave Stokes
|
|
Batting: LHB Broderick Dempsey
|
0-0: Ball 1-0: Ball 2-0: Ball 3-0: Called Strike 3-1: Base on Balls
|
Batting: RHB Jorge García
|
0-0: Ball 1-0: Ball 2-0: Swinging Strike 2-1: Foul Ball, location: 2F 2-2: Foul Ball, location: 2F 2-2: Strikes out looking
|
Batting: LHB Corey MacGregor
|
0-0: Ball 1-0: Ball 2-0: Ball 3-0: Called Strike 3-1: Fielders Choice at 2nd, 6-4 (Groundball, 6M)
|
Batting: SHB Joel Clay
|
0-0: Called Strike Corey MacGregor is caught stealing 2nd base
|
Top of the 1st over - 0 run(s), 0 hit(s), 0 error(s), 0 left on base; North Carolina State 0 - Purdue 0 |
BOTTOM OF THE 1ST |
Purdue Boilermakers batting - Pitching for North Carolina State Wolfpack : LHP John Harris
|
Pitching: LHP John Harris
|
|
Batting: RHB Carlos Rosado
|
0-0: Called Strike 0-1: Called Strike 0-2: Strikes out swinging
|
Batting: RHB Jorge Molina
|
0-0: Called Strike 0-1: Ball 1-1: Foul Ball, location: 2F 1-2: Strikes out swinging
|
Batting: LHB Rodney Harrison
|
0-0: Ball 1-0: Ball 2-0: Ball 3-0: Called Strike 3-1: Base on Balls
|
Batting: RHB Joe Meads
|
0-0: Called Strike 0-1: Swinging Strike 0-2: Ball 1-2: Ball 2-2: Foul Ball, location: 2F 2-2: Ball 3-2: Foul Ball, location: 2F 3-2: Base on Balls Rodney Harrison to second
|
Batting: SHB Bryan Atkins
|
0-0: Ball 1-0: Ball 2-0: Ball 3-0: Base on Balls Rodney Harrison to third Joe Meads to second
|
Batting: RHB Javier Moreno
|
0-0: Ball 1-0: Ball 2-0: Called Strike 2-1: Ball Wild Pitch! Rodney Harrison scores Joe Meads to third Bryan Atkins to second 3-1: Base on Balls
|
Batting: RHB Jim MacAchounich
|
0-0: Called Strike 0-1: Called Strike 0-2: Ball 1-2: Foul Ball, location: 2F 1-2: Ball 2-2: Ball 3-2: Foul Ball, location: 2F 3-2: Strikes out looking
|
Bottom of the 1st over - 1 run(s), 0 hit(s), 0 error(s), 3 left on base; North Carolina State 0 - Purdue 1 |
TOP OF THE 2ND |
North Carolina State Wolfpack batting - Pitching for Purdue Boilermakers : LHP Dave Stokes
|
Batting: SHB Joel Clay
|
0-0: Called Strike 0-1: Foul Ball, location: 2F 0-2: Ball 1-2: Strikes out looking
|
Batting: RHB Jonathon García
|
0-0: Ball 1-0: Foul Ball, location: 2F 1-1: Foul Ball, location: 2F 1-2: Foul Ball, location: 2F 1-2: Strikes out swinging
|
Batting: RHB Larry Glover
|
0-0: Swinging Strike 0-1: Ball 1-1: Foul Ball, location: 2F 1-2: Foul Ball, location: 2F 1-2: Ground out 6-3 (Groundball, 56)
|
Top of the 2nd over - 0 run(s), 0 hit(s), 0 error(s), 0 left on base; North Carolina State 0 - Purdue 1 |
BOTTOM OF THE 2ND |
Purdue Boilermakers batting - Pitching for North Carolina State Wolfpack : LHP John Harris
|
Batting: SHB Darren Campbell
|
0-0: Ball 1-0: Ground out 6-3 (Groundball, 6)
|
Batting: RHB Bill Gilmore
|
0-0: Called Strike 0-1: Ball 1-1: Swinging Strike 1-2: Ball 2-2: Fly out, F4 (Line Drive, 4)
|
Batting: RHB Carlos Rosado
|
0-0: Ball 1-0: Ball 2-0: Called Strike 2-1: SINGLE (Line Drive, 34)
|
Batting: RHB Jorge Molina
|
0-0: Called Strike 0-1: Foul Ball, location: 2F 0-2: Ball 1-2: Ball 2-2: Ball 3-2: Base on Balls Carlos Rosado to second
|
Batting: LHB Rodney Harrison
|
0-0: Called Strike 0-1: Ground out 3-1 (Groundball, 34)
|
Bottom of the 2nd over - 0 run(s), 1 hit(s), 0 error(s), 2 left on base; North Carolina State 0 - Purdue 1 |
TOP OF THE 3RD |
North Carolina State Wolfpack batting - Pitching for Purdue Boilermakers : LHP Dave Stokes
|
Batting: LHB Aaron Atkins
|
0-0: SINGLE (Groundball, 4MD)
|
Batting: LHB Shawn Joyce
|
0-0: Swinging Strike 0-1: Called Strike 0-2: Fly out, F8 (Flyball, 89D)
|
Batting: RHB Roberto Landavazo
|
0-0: Called Strike 0-1: Ball 1-1: Ball 2-1: Foul Ball, location: 2F 2-2: Ball 3-2: Strikes out swinging
|
Batting: LHB Broderick Dempsey
|
0-0: Called Strike 0-1: Ball 1-1: Fly out, F6 (Line Drive, 6M)
|
Top of the 3rd over - 0 run(s), 1 hit(s), 0 error(s), 1 left on base; North Carolina State 0 - Purdue 1 |
BOTTOM OF THE 3RD |
Purdue Boilermakers batting - Pitching for North Carolina State Wolfpack : LHP John Harris
|
Batting: RHB Joe Meads
|
0-0: Ball 1-0: Ball 2-0: Foul Ball, location: 2F 2-1: Foul Ball, location: 2F 2-2: Strikes out swinging
|
Batting: SHB Bryan Atkins
|
0-0: Ball 1-0: Called Strike 1-1: Swinging Strike 1-2: Ball 2-2: Strikes out looking
|
Batting: RHB Javier Moreno
|
0-0: Called Strike 0-1: SINGLE (Line Drive, 34)
|
Batting: RHB Jim MacAchounich
|
0-0: Ball Wild Pitch! Javier Moreno to second 1-0: Ball 2-0: Foul Ball, location: 2F 2-1: SINGLE (Line Drive, 8RS) Javier Moreno to third Runner from 3rd tries for Home, SAFE, no throw
|
Batting: SHB Darren Campbell
|
0-0: Ball 1-0: Called Strike 1-1: SINGLE (Groundball, 4MD) Jim MacAchounich to second Runner from 2nd tries for 3rd, SAFE, throw made to third Darren Campbell to second
|
Batting: RHB Bill Gilmore
|
0-0: Ball 1-0: Ball 2-0: Called Strike 2-1: Called Strike 2-2: Ball 3-2: Ground out 5-3 (Groundball, 5)
|
Bottom of the 3rd over - 1 run(s), 3 hit(s), 0 error(s), 2 left on base; North Carolina State 0 - Purdue 2 |
TOP OF THE 4TH |
North Carolina State Wolfpack batting - Pitching for Purdue Boilermakers : LHP Dave Stokes
|
Batting: RHB Jorge García
|
0-0: Ball 1-0: Ball 2-0: Ball 3-0: Base on Balls
|
Batting: LHB Corey MacGregor
|
0-0: Swinging Strike 0-1: Ball 1-1: Ball Wild Pitch! Jorge García to second 2-1: Ball 3-1: Base on Balls
|
Batting: SHB Joel Clay
|
0-0: Swinging Strike 0-1: Ball 1-1: Foul Ball, location: 2F 1-2: Foul Ball, location: 2F 1-2: Strikes out looking
|
Batting: RHB Jonathon García
|
0-0: Ball 1-0: Swinging Strike 1-1: Ball 2-1: Fly out, F7 (Flyball, 7)
|
Batting: RHB Larry Glover
|
0-0: Fly out, F5 (Popup, 5D)
|
Top of the 4th over - 0 run(s), 0 hit(s), 0 error(s), 2 left on base; North Carolina State 0 - Purdue 2 |
BOTTOM OF THE 4TH |
Purdue Boilermakers batting - Pitching for North Carolina State Wolfpack : LHP John Harris
|
Pitching: LHP Brian Armstrong
|
|
Batting: RHB Carlos Rosado
|
0-0: Reached on error, E5 (Groundball, 5)
|
Batting: RHB Jorge Molina
|
0-0: Called Strike 0-1: Ball 1-1: Ball 2-1: Called Strike 2-2: DOUBLE (Flyball, 7D) Carlos Rosado to third
|
Batting: LHB Rodney Harrison
|
0-0: Ball 1-0: Called Strike 1-1: Foul Ball, location: 2F 1-2: Foul Ball, location: 2F 1-2: Ball 2-2: Ball 3-2: Foul Ball, location: 2F 3-2: Base on Balls
|
Batting: RHB Joe Meads
|
0-0: Ball 1-0: SINGLE (Groundball, 6MD) Carlos Rosado scores Jorge Molina to third Rodney Harrison to second
|
Batting: SHB Bryan Atkins
|
0-0: Called Strike 0-1: Fly out, F6 (Line Drive, 6) Lined into DP, 6-5 (Line Drive, 6)
|
Batting: RHB Javier Moreno
|
0-0: Foul Ball, location: 2F 0-1: Ground out U3 (Groundball, 3L)
|
Bottom of the 4th over - 1 run(s), 2 hit(s), 1 error(s), 2 left on base; North Carolina State 0 - Purdue 3 |
TOP OF THE 5TH |
North Carolina State Wolfpack batting - Pitching for Purdue Boilermakers : LHP Dave Stokes
|
Batting: LHB Aaron Atkins
|
0-0: Ball 1-0: Ball 2-0: Ball 3-0: Called Strike 3-1: Base on Balls
|
Batting: LHB Shawn Joyce
|
0-0: Called Strike 0-1: SINGLE (Groundball, 13S) (infield hit) Aaron Atkins to second
|
Batting: RHB Roberto Landavazo
|
0-0: Ball 1-0: Ball 2-0: SINGLE (Flyball, 9S) Aaron Atkins to third Shawn Joyce to second
|
Batting: LHB Broderick Dempsey
|
0-0: Called Strike 0-1: Foul Ball, location: 2F 0-2: Strikes out looking
|
Batting: RHB Jorge García
|
0-0: Ground out 6-3 (Groundball, 6S) Aaron Atkins scores Shawn Joyce to third Roberto Landavazo to second
|
Batting: LHB Corey MacGregor
|
0-0: Ball 1-0: Called Strike 1-1: SINGLE (Groundball, 56D) Shawn Joyce scores Roberto Landavazo to third Runner from 3rd tries for Home, SAFE, no throw
|
Pitching: LHP Jim Holloway
|
|
Batting: SHB Joel Clay
|
0-0: Called Strike Throwing error on steal attempt, E2 Corey MacGregor to third 0-1: Ball 1-1: Ground out 5-3 (Groundball, 5L)
|
Top of the 5th over - 3 run(s), 3 hit(s), 1 error(s), 1 left on base; North Carolina State 3 - Purdue 3 |
BOTTOM OF THE 5TH |
Purdue Boilermakers batting - Pitching for North Carolina State Wolfpack : LHP Brian Armstrong
|
Batting: RHB Jim MacAchounich
|
0-0: Called Strike 0-1: Foul Ball, location: 2F 0-2: Strikes out looking
|
Batting: SHB Darren Campbell
|
0-0: Fly out, F9 (Flyball, 9S)
|
Batting: RHB Bill Gilmore
|
0-0: Swinging Strike 0-1: Swinging Strike 0-2: Foul Ball, location: 2F 0-2: Ball 1-2: Foul Ball, location: 2F 1-2: Ball 2-2: Ground out 5-3 (Groundball, 56S)
|
Bottom of the 5th over - 0 run(s), 0 hit(s), 0 error(s), 0 left on base; North Carolina State 3 - Purdue 3 |
TOP OF THE 6TH |
North Carolina State Wolfpack batting - Pitching for Purdue Boilermakers : LHP Jim Holloway
|
Batting: RHB Jonathon García
|
0-0: Called Strike 0-1: Foul Ball, location: 2F 0-2: Ball 1-2: Ball 2-2: Ball 3-2: Foul Ball, location: 2F 3-2: SOLO HOME RUN (Flyball, 7D), Distance : 413 ft
|
Batting: RHB Larry Glover
|
0-0: Called Strike 0-1: Ball 1-1: Ball 2-1: Ball 3-1: Called Strike 3-2: Foul Ball, location: 2F 3-2: Foul Ball, location: 2F 3-2: Base on Balls
|
Batting: LHB Aaron Atkins
|
0-0: Ball 1-0: Called Strike 1-1: Fly out, F4 (Popup, 3D)
|
Batting: LHB Shawn Joyce
|
0-0: DOUBLE (Line Drive, 9LM) Larry Glover to third
|
Batting: RHB Roberto Landavazo
|
0-0: Intentional Walk
|
Batting: LHB Broderick Dempsey
|
0-0: Called Strike 0-1: Ball 1-1: Foul Ball, location: 2F 1-2: Foul Ball, location: 2F 1-2: Fly out, F8 (Flyball, 8LM) Runner from 3rd tags up, SCORES, no throw
|
Pitching: RHP Bob Dickerson
|
|
Batting: RHB Jorge García
|
0-0: Called Strike 0-1: Ground out 1-3 (Groundball, P)
|
Top of the 6th over - 2 run(s), 2 hit(s), 0 error(s), 2 left on base; North Carolina State 5 - Purdue 3 |
BOTTOM OF THE 6TH |
Purdue Boilermakers batting - Pitching for North Carolina State Wolfpack : LHP Brian Armstrong
|
Batting: RHB Carlos Rosado
|
0-0: Ground out 3-1 (Groundball, 34S)
|
Batting: RHB Jorge Molina
|
0-0: Ball 1-0: Foul Ball, location: 2F 1-1: Fly out, F9 (Line Drive, 89M)
|
Batting: LHB Rodney Harrison
|
0-0: Ball 1-0: Foul Ball, location: 2F 1-1: Ball 2-1: Foul Ball, location: 2F 2-2: Strikes out swinging
|
Bottom of the 6th over - 0 run(s), 0 hit(s), 0 error(s), 0 left on base; North Carolina State 5 - Purdue 3 |
TOP OF THE 7TH |
North Carolina State Wolfpack batting - Pitching for Purdue Boilermakers : RHP Bob Dickerson
|
Batting: LHB Corey MacGregor
|
0-0: SINGLE (Line Drive, 8LS)
|
Batting: SHB Joel Clay
|
0-0: Ball 1-0: Foul Ball, location: 2F 1-1: Ball 2-1: Ball 3-1: Base on Balls Corey MacGregor to second
|
Batting: RHB Jonathon García
|
0-0: Foul Ball, location: 2F 0-1: Ball 1-1: SINGLE (Line Drive, 56D) Corey MacGregor to third Joel Clay to second
|
Pinch Hitting: RHB Bart Wade
|
0-0: Foul Ball, location: 2F 0-1: Foul Ball, location: 2F 0-2: Fly out, F9 (Flyball, 89S)
|
Batting: LHB Aaron Atkins
|
0-0: Called Strike 0-1: Called Strike 0-2: Ball 1-2: Foul Ball, location: 2F 1-2: Foul Ball, location: 2F 1-2: Foul Ball, location: 2F 1-2: Foul Ball, location: 2F 1-2: Strikes out looking
|
Batting: LHB Shawn Joyce
|
0-0: Ball 1-0: Foul Ball, location: 2F 1-1: SINGLE (Groundball, 4MD) Corey MacGregor scores Joel Clay to third Jonathon García to second Runner from 3rd tries for Home, SAFE, throw made at trailing runner, OUT at third!
|
Top of the 7th over - 2 run(s), 3 hit(s), 0 error(s), 1 left on base; North Carolina State 7 - Purdue 3 |
BOTTOM OF THE 7TH |
Purdue Boilermakers batting - Pitching for North Carolina State Wolfpack : LHP Brian Armstrong
|
Pitching: RHP Clayton Tranter
|
|
Now at 2B: Bart Wade
|
|
Batting: RHB Joe Meads
|
0-0: Called Strike 0-1: Ball 1-1: Ball 2-1: Ball 3-1: Base on Balls
|
Batting: SHB Bryan Atkins
|
0-0: Ground out U3 (Groundball, 3L) Joe Meads to second
|
Batting: RHB Javier Moreno
|
0-0: Ball 1-0: Ground out 4-3 (Groundball, 4) Joe Meads to third
|
Batting: RHB Jim MacAchounich
|
0-0: Ball 1-0: Ball 2-0: Ball 3-0: Base on Balls
|
Batting: SHB Darren Campbell
|
0-0: SINGLE (Groundball, 4) (infield hit) Joe Meads scores Jim MacAchounich to second
|
Batting: RHB Bill Gilmore
|
0-0: Ball 1-0: Called Strike 1-1: Swinging Strike 1-2: Foul Ball, location: 2F 1-2: Foul Ball, location: 2F 1-2: Ball 2-2: Ball 3-2: Foul Ball, location: 2F 3-2: Base on Balls Jim MacAchounich to third Darren Campbell to second
|
Batting: RHB Carlos Rosado
|
0-0: Ball 1-0: Fly out, F8 (Flyball, 8LM)
|
Bottom of the 7th over - 1 run(s), 1 hit(s), 0 error(s), 3 left on base; North Carolina State 7 - Purdue 4 |
TOP OF THE 8TH |
North Carolina State Wolfpack batting - Pitching for Purdue Boilermakers : RHP Bob Dickerson
|
Pitching: RHP Frank Thomas
|
|
Batting: RHB Roberto Landavazo
|
0-0: Fly out, F8 (Flyball, 89XD)
|
Batting: LHB Broderick Dempsey
|
0-0: Foul Ball, location: 2F 0-1: Ball 1-1: Called Strike 1-2: Fly out, F7 (Line Drive, 7S)
|
Batting: RHB Jorge García
|
0-0: Ball 1-0: Called Strike 1-1: Foul Ball, location: 2F 1-2: Ball 2-2: Foul Ball, location: 2F 2-2: Ball 3-2: Base on Balls
|
Batting: LHB Corey MacGregor
|
0-0: Called Strike 0-1: Foul Ball, location: 2F 0-2: Fly out, F2 (Popup, 2L)
|
Top of the 8th over - 0 run(s), 0 hit(s), 0 error(s), 1 left on base; North Carolina State 7 - Purdue 4 |
BOTTOM OF THE 8TH |
Purdue Boilermakers batting - Pitching for North Carolina State Wolfpack : RHP Clayton Tranter
|
Batting: RHB Jorge Molina
|
0-0: Ball 1-0: Called Strike 1-1: Called Strike 1-2: Ball 2-2: DOUBLE (Flyball, 78D)
|
Pitching: LHP Matt Ramey
|
|
Batting: LHB Rodney Harrison
|
0-0: Foul Ball, location: 2F 0-1: Ball 1-1: SINGLE (Groundball, 34) (infield hit) Jorge Molina to third
|
Batting: RHB Joe Meads
|
0-0: Ball 1-0: Foul Ball, location: 2F 1-1: Ball 2-1: Ball 3-1: Base on Balls Rodney Harrison to second
|
Batting: SHB Bryan Atkins
|
0-0: Ball 1-0: Called Strike 1-1: Hit by Pitch Jorge Molina scores Rodney Harrison to third Joe Meads to second
|
Batting: RHB Javier Moreno
|
0-0: Swinging Strike 0-1: Ball 1-1: Fly out, F7 (Line Drive, 7) Runner from 3rd tags up, OUT at HOME Joe Meads to third Bryan Atkins to second
|
Batting: RHB Jim MacAchounich
|
0-0: Called Strike 0-1: Ball 1-1: Foul Ball, location: 2F 1-2: Foul Ball, location: 2F 1-2: Foul Ball, location: 2F 1-2: Ball 2-2: Strikes out looking
|
Bottom of the 8th over - 1 run(s), 2 hit(s), 0 error(s), 2 left on base; North Carolina State 7 - Purdue 5 |
TOP OF THE 9TH |
North Carolina State Wolfpack batting - Pitching for Purdue Boilermakers : RHP Frank Thomas
|
Batting: SHB Joel Clay
|
0-0: Ball 1-0: Foul Ball, location: 2F 1-1: Ball 2-1: Swinging Strike 2-2: Foul Ball, location: 2F 2-2: Strikes out swinging
|
Batting: RHB Jonathon García
|
0-0: Ball 1-0: Swinging Strike 1-1: Swinging Strike 1-2: Foul Ball, location: 2F 1-2: Fly out, F8 (Line Drive, 8RS)
|
Batting: RHB Bart Wade
|
0-0: Called Strike 0-1: Ball 1-1: DOUBLE (Flyball, 89D)
|
Batting: LHB Aaron Atkins
|
0-0: Ground out 5-3 (Groundball, 56)
|
Top of the 9th over - 0 run(s), 1 hit(s), 0 error(s), 1 left on base; North Carolina State 7 - Purdue 5 |
BOTTOM OF THE 9TH |
Purdue Boilermakers batting - Pitching for North Carolina State Wolfpack : LHP Matt Ramey
|
Pitching: RHP Paul Thompson
|
|
Batting: SHB Darren Campbell
|
0-0: Ball 1-0: Foul Ball, location: 2F 1-1: Ball 2-1: Foul Ball, location: 2F 2-2: Ball 3-2: SINGLE (Groundball, 6D)
|
Batting: RHB Bill Gilmore
|
0-0: Ball 1-0: Ball 2-0: Called Strike 2-1: Grounds into double play, 5-4-3 (Groundball, 56)
|
Batting: RHB Carlos Rosado
|
0-0: Bunted foul 0-1: Swinging Strike 0-2: Strikes out swinging
|
Bottom of the 9th over - 0 run(s), 1 hit(s), 0 error(s), 0 left on base; North Carolina State 7 - Purdue 5 |
|